 Dungeon Crawl Stone Soup version 0.30-a0-304-gdc4b735fe1 (webtiles) character file.

Game seed: 17798101330056564803

859 Iusername the Covered (level 7, -3/64 HPs)
             Began as a Minotaur Fighter on Oct 20, 2022.
             Slain by Duvessa
             ... wielding a +0 short sword
              (9 damage)
             ... on level 5 of the Dungeon.
             The game lasted 00:05:12 (5303 turns).

Iusername the Covered (Minotaur Fighter)            Turns: 5303, Time: 00:05:14

Health: -3/64      AC:  8    Str: 22    XL:     7   Next: 71%
Magic:  6/6        EV:  9    Int:  5    God:
Gold:   317        SH:  5    Dex: 10    Spells: 6/6 levels left

rFire   + . .      SeeInvis .    a - +0 flail
rCold   + . .      Faith    .    c - +0 buckler
rNeg    . . .      Spirit   .    b - +1 scale mail
rPois   .          Reflect  .    (helmet restricted)
rElec   .          Harm     .    f - scarf {rC+ rF+}
rCorr   .          Rampage  .    (no gloves)
Will    .....                    (no boots)
Stlth   ..........               (no amulet)
HPRegen 0.30/turn                (no ring)
MPRegen 0.10/turn                (no ring)

@: mighty, lethally poisoned (-3 -> -11), lit by a corona, glowing
A: horns 2, retaliatory headbutt
a: no special abilities


You were on level 5 of the Dungeon.
You visited 2 branches of the dungeon, and saw 6 of its levels.

You collected 317 gold pieces.

Inventory:

Hand Weapons
 a - a +0 flail (weapon)
Armour
 b - a +1 scale mail (worn)
 c - a +0 buckler (worn)
 f - a scarf of resistance (worn)
Jewellery
 q - a ring of resist corrosion
Wands
 r - a wand of charming (24)
Scrolls
 e - 5 scrolls of identify
 k - a scroll of noise
 n - a scroll of teleportation
 o - a scroll of poison
Potions
 d - a potion of might
 h - 2 potions of curing
 i - a potion of degeneration
 l - a potion of brilliance
 m - 2 potions of attraction


   Skills:
 + Level 6.3 Fighting
 + Level 5.7 Maces & Flails
 + Level 6.4 Armour
 + Level 6.3 Shields


You had 6 spell levels left.
You didn't know any spells.
Your spell library contained the following spells:

 Spells                   Type           Power      Damage    Failure   Level
 Cigotuvi's Dreadful Rot  Necr/Pois/Air  0%         N/A       94%         2
 Poisonous Vapours        Pois/Air       0%         N/A       94%         2
 Scorch                   Fire           0%         2d5       94%         2
 Static Discharge         Conj/Air       0%         2-2/arc   94%         2
 Inner Flame              Hex/Fire       0%         N/A       99%         3
 Mephitic Cloud           Conj/Pois/Air  0%         N/A       99%         3
 Vhi's Electric Charge    Tloc/Air       0%         N/A       99%         3
 Flame Wave               Conj/Fire      0%         2d4       100%        4
 Sticky Flame             Conj/Fire      0%         2d3       100%        4
 Arcjolt                  Conj/Air       0%         1d10      100%        5
 Iskenderun's Battlesphe  Conj           0%         2d6       100%        5
 Lightning Bolt           Conj/Air       0%         1d11      100%        5
 Iron Shot                Conj/Erth      0%         9d1       100%        6
 Summon Cactus Giant      Summ           0%         N/A       100%        6
 Spellforged Servitor     Conj/Summ      0%         N/A       100%        7


Dungeon Overview and Level Annotations

Branches:
Dungeon (5/15)             Temple (1/1) D:4

Altars:
Ashenzari
Cheibriados
Fedhas
Hepliaklqana
Kikubaaqudgha
Makhleb
Nemelex Xobeh
Qazlal
Sif Muna
Uskayaw
Wu Jian
Xom
Yredelemnul
Zin
The Shining One

Shops:
D:5 !

Annotations:
D:5 Dowan, Duvessa


Innate Abilities, Weirdness & Mutations

You have a pair of horns on your head.
You reflexively headbutt those who attack you in melee.


Message History

Dowan zaps a wand.
The roots erupt in riotous growth!
The scorpion is unaffected.
The water moccasin is unaffected.
The grasping roots grab you!
Duvessa is unaffected.
The grasping roots constrict you. You block Duvessa's attack.
You hit the scorpion.
You kill the scorpion!
You feel very sick.
The water moccasin bites you but does no damage.
Dowan mumbles some strange words.
Dowan blinks!
The grasping roots constrict you.
* * * LOW HITPOINT WARNING * * *
Duvessa completely misses you. The water moccasin bites you.
* * * LOW HITPOINT WARNING * * *
Unknown command.
You feel better. You block the water moccasin's attack.
The grasping roots constrict you. Duvessa hits you with a +0 short sword.
* * * LOW HITPOINT WARNING * * *
Okay, then.
You barely miss Dowan. Your headbutt misses Dowan.
You block the water moccasin's attack. Dowan closely misses you.
The grasping roots constrict you.
* * * LOW HITPOINT WARNING * * *
Duvessa hits you with a +0 short sword!
* * * LOW HITPOINT WARNING * * *
You block the water moccasin's attack.
The grasping roots release their grip on you.
You barely miss Dowan. The water moccasin bites you.
* * * LOW HITPOINT WARNING * * *
Dowan casts a spell at you.
You are outlined in light.
You block Duvessa's attack.
The water moccasin bites you but does no damage.
You closely miss Dowan. You block Dowan's attack. Duvessa barely misses you.
The water moccasin bites you but does no damage.
Dowan says, "Stay away from my face!"
Dowan hits you with a +2 dagger of venom.
* * * LOW HITPOINT WARNING * * *
You are lethally poisoned!
Duvessa hits you with a +0 short sword!
You die...

#.........#..
#.....###...#### .#..#
......#...# #...#.#..
.....##.#.# #...#.#.#
........#.###.......
...................#
.........#####.....##
#........# #..Se..+
#.>......# ###..@†.##..
#. #........#
#.+..e....... +.
#........###.#.......#.#
#.
##..##+#...............#
#.
#.....#................
#.
##.##..#..........######
#. .......#......#####..
#. ..............# ##.#
# ..............##..# +


You could see Duvessa, a water moccasin and Dowan.

Vanquished Creatures
  A water moccasin (D:5)
  An ice beast (D:5)
  A black bear (D:5)
  An ogre (D:5)
  A scorpion (D:5)
  4 hounds
  An orc priest (D:4)
  2 iguanas
  An orc wizard (D:4)
  6 adders
  A shadow imp (D:5)
  2 ufetubi
  A worm (D:2)
  2 dart slugs
  20 orcs
  12 ball pythons
  7 endoplasms
  3 giant cockroaches
  3 goblins
  11 hobgoblins
  3 quokkas (D:2)
  7 bats
  5 frilled lizards
  8 kobolds
  11 rats
115 creatures vanquished.

Notes
Turn   | Place    | Note
-------+----------+-------------------------------------------
     0 | D:1      | Iusername the Minotaur Fighter began the quest for the Orb.
     0 | D:1      | Reached XP level 1. HP: 19/19 MP: 0/0
   142 | D:1      | Reached XP level 2. HP: 27/27 MP: 1/1
   957 | D:2      | Reached XP level 3. HP: 33/33 MP: 2/2
  1468 | D:2      | Reached XP level 4. HP: 41/41 MP: 3/3
  2613 | D:3      | Reached XP level 5. HP: 25/47 MP: 4/4
  3087 | D:4      | Found a shimmering blue altar of Sif Muna.
  3128 | D:4      | Found a hide-covered altar of Uskayaw.
  3220 | D:4      | Reached skill level 5 in Armour
  3615 | D:4      | Reached skill level 5 in Fighting
  3737 | D:4      | Found a staircase to the Ecumenical Temple.
  3774 | D:4      | Reached skill level 5 in Shields
  3777 | Temple   | Entered the Ecumenical Temple
  4182 | D:4      | Found a hazy altar of Hepliaklqana.
  4229 | D:4      | Reached XP level 6. HP: 44/56 MP: 5/5
  4302 | D:4      | Found a glowing silver altar of Zin.
  4302 | D:4      | Noticed an angel
  4423 | D:5      | Entered Level 5 of the Dungeon
  4551 | D:5      | Found Futil's Distillery.
  4578 | D:5      | Noticed a water moccasin
  4588 | D:5      | Killed a water moccasin
  4710 | D:5      | Noticed an ice beast
  4722 | D:5      | Killed an ice beast
  4723 | D:5      | Reached skill level 5 in Maces & Flails
  4723 | D:5      | Reached XP level 7. HP: 40/62 MP: 6/6
  5289 | D:5      | Noticed Duvessa
  5294 | D:5      | Noticed Dowan
  5303 | D:5      | Slain by Duvessa

Illustrated notes

Levels and vault maps discovered:
D:1:      minmay_arrival_wavy_path, layout_loops_ring
D:2:      kennysheep_six_static_rooms, layout_basic, serial_forest,
          infiniplex_forest_end_1, infiniplex_forest_lined_2,
          infiniplex_forest_lined_4_way, infiniplex_forest_corner_1,
          infiniplex_forest_lined_2, infiniplex_forest_lined_3,
          hangedman_decor_push, grunt_ministairs_3, grunt_decor_arrowhead
D:3:      layout_basic
D:4:      layout_rooms, nicolae_uskayaw_dance_hall, zin_angel,
          mainiacjoe_overflow_concentric_impassable, led_sif_book,
          minmay_temple_entry_statues
D:5:      layout_basic, marbit_many_paths, serial_shops, shop, uniq_duvessa
Temple:   minmay_temple_curvy_loop

Skill      XL: |  1  2  3  4  5  6  7 |
---------------+----------------------+-----
Armour         | 4 5 6 |  6.4
Fighting       | 4 5 6 |  6.3
Shields        | 4 5 6 |  6.3
Maces & Flails | 3 4 5 |  5.7

Action                   |  1- 3 |  4- 6 |  7- 9 || total
-------------------------+-------+-------+-------++-------
Melee: Flail             |    98 |   154 |    30 ||   282
       Headbutt          |    13 |    31 |     9 ||    53
Evoke: Wand              |       |    12 |       ||    12
  Use: Potion            |       |     1 |     3 ||     4
       Scroll            |       |     9 |       ||     9
Armor: Scale mail        |    50 |    75 |    17 ||   142
Dodge: Dodged            |    47 |    76 |    23 ||   146
Block: Buckler           |    20 |    33 |    17 ||    70

Table legend: (Time is in decaauts)
 A = Elapsed time spent in this place.
 B = Non-inter-level travel time spent in this place.
 C = Inter-level travel time spent in this place.
 D = Time resting spent in this place.
 E = Time spent auto-exploring this place.
 F = Levels seen in this place.
 G = Mean time per level.
                   A        B        C        D        E       F      G
               +--------+--------+--------+--------+--------+-----+--------+
         Total |   5373 |   5211 |    162 |   1180 |   3269 |   6 |  895.5 |
       Dungeon |   5102 |   4986 |    116 |   1180 |   3050 |   5 | 1020.4 |
        Temple |    270 |    224 |     46 |      0 |    219 |   1 |  270.0 |
               +--------+--------+--------+--------+--------+-----+--------+

Top non-repeatable levels by time:
     D:2: 1284 daAuts
     D:4: 1092 daAuts
     D:3: 1000 daAuts
     D:5: 890 daAuts
     D:1: 835 daAuts
  Temple: 270 daAuts
